 Dungeon Crawl Stone Soup version 0.29-a0-813-g4a14ea37d6 (webtiles) character file.

Game seed: 5057008853077309549

53 Mesmaeker13 the Ogre Mage (level 3, -2/31 HPs)
             Began as an Ogre Hedge Wizard on July 4, 2022.
             Slain by Robin
             ... wielding a +0 spear
              (6 damage)
             ... on level 2 of the Dungeon.
             The game lasted 00:02:27 (1348 turns).

Mesmaeker13 the Ogre Mage (Ogre Hedge Wizard)       Turns: 1348, Time: 00:02:28

Health: -2/31      AC:  3    Str: 14    XL:     3   Next: 87%
Magic:  8/8        EV:  9    Int: 17    God:
Gold:   103        SH:  0    Dex:  8    Spells: 6/10 levels left

rFire   . . .      SeeInvis .   g - +0 sling (flame)
rCold   . . .      Faith    .   (no shield)
rNeg    . . .      Spirit   .   b - +0 robe
rPois   .          Reflect  .   c - +0 hat
rElec   .          Harm     .   (no cloak)
rCorr   .          Rampage  .   (gloves unavailable)
Will    .....                   (boots unavailable)
Stlth   +.........              (no amulet)
HPRegen 0.10/turn               (no ring)
MPRegen 0.11/turn               (no ring)

@: no status effects
A: large, unfitting armour, tough skin 1
a: no special abilities


You were on level 2 of the Dungeon.
You visited 1 branch of the dungeon, and saw 2 of its levels.

You collected 103 gold pieces.

Inventory:

Hand Weapons
 a - a +0 dagger of draining
 g - a +0 sling of flaming (weapon)
Armour
 b - a +0 robe (worn)
 c - a +0 hat (worn)
Scrolls
 f - a scroll of identify {unknown}
 h - a scroll of fog {unknown}
 i - a scroll of brand weapon
 j - a scroll of silence {unknown}
 k - a scroll of amnesia {unknown}
Potions
 d - a potion of magic
 e - a potion of mutation {unknown}
 l - a potion of invisibility {unknown}
 m - a potion of heal wounds


   Skills:
 - Level 1.7 Dodging
 - Level 1.4 Stealth
 + Level 4.4 Spellcasting
 + Level 2.2 Conjurations
 - Level 0.8 Summonings
 - Level 0.8 Translocations
 + Level 0.4 Air Magic
 + Level 0.3 Poison Magic


You had 6 spell levels left.
You knew the following spells:

 Your Spells              Type           Power      Damage    Failure   Level
a - Magic Dart            Conj           44%        1d5       6%          1
b - Mephitic Cloud        Conj/Pois/Air  7%         N/A       30%         3

Your spell library contained the following spells:

 Spells                   Type           Power      Damage    Failure   Level
 Slow                     Hex            12%        N/A       16%         1
 Blink                    Tloc           12%        N/A       16%         2
 Call Imp                 Summ           6%         N/A       16%         2
 Sublimation of Blood     Necr           3%         N/A       22%         2
 Conjure Flame            Conj/Fire      7%         6-21      28%         3
 Petrify                  Tmut/Erth      3%         N/A       83%         4
 Irradiate                Conj/Tmut      3%         3d14      95%         5


Dungeon Overview and Level Annotations

Branches:
Dungeon (2/15)

Altars:

Annotations:
D:2 Robin


Innate Abilities, Weirdness & Mutations

You are too large for most types of armour.
You have tough skin. (AC +1)


Message History

Aim: a goblin, wielding a +0 dagger (37% to hit)
You shoot a sling bullet.
The sling bullet barely misses the goblin.
The goblin hits you but does no damage.
Robin roars a battlecry!
The goblins go into a battle-frenzy!
Really attack while wielding your +0 sling of flaming? [Y]es or [N]o only, please.
Really attack while wielding your +0 sling of flaming?
Okay, then.
Unknown command.
Fire: g) +0 sling (flame)
Press: ? - help, Q - select action, (/) - cycle Shift-Dir - straight line, f/p - goblin
Aim: a goblin, wielding a +0 dagger (strong, 37% to hit)
You shoot a sling bullet.
The sling bullet closely misses the goblin.
The hobgoblin closely misses you. The goblin misses you.
The goblin hits you with a +0 dagger.
* * * LOW HITPOINT WARNING * * *
The hobgoblin hits you but does no damage.
Robin closely misses you.
Fire: g) +0 sling (flame)
Press: ? - help, Q - select action, (/) - cycle Shift-Dir - straight line, f/p - goblin
Aim: a goblin, wielding a +0 dagger (strong, 37% to hit)
You shoot a sling bullet.
The sling bullet closely misses the goblin.
The hobgoblin hits you.
* * * LOW HITPOINT WARNING * * *
The goblin hits you but does no damage.
Robin hits you from afar with a +0 spear.
* * * LOW HITPOINT WARNING * * *
Unknown command.
Fire: g) +0 sling (flame)
Press: ? - help, Q - select action, (/) - cycle Shift-Dir - straight line, f/p - goblin
Aim: a goblin, wielding a +0 dagger (strong, 37% to hit)
You shoot a sling bullet.
The sling bullet closely misses the goblin.
The hobgoblin barely misses you. The goblin barely misses you.
Robin hits you from afar with a +0 spear.
You die...

####÷#####.####
#######.#####.#
#..)g.........#
#.#####.#####.#
#.#####.#####.#####.#
#....)...g.)........#
#######.#####g#####.
#.#......g#
#.#.#####@# #.#.# #g#
#.#.#####.###.#
#.............#
###....†......#
####.##.#....
#.##.##### #.##.# ...


You could see Robin, a hobgoblin (strong) and a goblin (strong).

Vanquished Creatures
  A dart slug (D:1)
  5 endoplasms
  A giant cockroach (D:2)
  9 goblins
  7 hobgoblins
  2 quokkas (D:1)
  7 ball pythons
  4 bats (D:1)
  2 kobolds (D:1)
  6 rats
44 creatures vanquished.

Notes
Turn   | Place    | Note
-------+----------+-------------------------------------------
     0 | D:1      | Mesmaeker13 the Ogre Hedge Wizard began the quest for the
                  | Orb.
     0 | D:1      | Reached XP level 1. HP: 16/16 MP: 5/5
    53 | D:1      | Reached skill level 1 in Conjurations
   315 | D:1      | Reached XP level 2. HP: 24/24 MP: 6/6
   469 | D:1      | Reached skill level 4 in Spellcasting
   615 | D:1      | Reached XP level 3. HP: 31/31 MP: 8/8
   647 | D:1      | Found a faded altar of an unknown god.
   941 | D:2      | Learned a level 3 spell: Mephitic Cloud
  1320 | D:2      | Noticed Robin
  1348 | D:2      | Slain by Robin

Illustrated notes

Levels and vault maps discovered:
D:1:      dpeg_arrival_long_road, layout_basic,
          nicolae_ecumenical_snake_handling, minmay_tiny_reverse_x
D:2:      layout_loops_ring, grunt_decor_fettered, chequers_mini_garden,
          minmay_tromino_v4_c, uniq_crazy_yiuf_cottage, uniq_robin

Skill      XL: |  1  2  3 |
---------------+----------+-----
Conjurations   | 1 2 |  2.2
Spellcasting   | 4 |  4.4
Dodging        | |  1.7
Stealth        | |  1.4
Summonings     | |  0.8
Translocations | |  0.8
Air Magic      | |  0.4
Poison Magic   | |  0.3

Action                   || total
-------------------------++-------
Melee: Dagger            ||    13
 Fire: Sling             ||   120
 Cast: Magic Dart        ||    10
  Use: Scroll            ||     1
       Potion            ||     1
Armor: Robe              ||    41
Dodge: Dodged            ||    55

Table legend: (Time is in decaauts)
 A = Elapsed time spent in this place.
 B = Non-inter-level travel time spent in this place.
 C = Inter-level travel time spent in this place.
 D = Time resting spent in this place.
 E = Time spent auto-exploring this place.
 F = Levels seen in this place.
 G = Mean time per level.
                   A        B        C        D        E       F      G
               +--------+--------+--------+--------+--------+-----+--------+
         Total |   1394 |   1354 |     40 |    236 |    827 |   2 |  697.0 |
       Dungeon |   1394 |   1354 |     40 |    236 |    827 |   2 |  697.0 |
               +--------+--------+--------+--------+--------+-----+--------+

Top non-repeatable levels by time:
     D:1: 945 daAuts
     D:2: 449 daAuts
